 Dungeon Crawl Stone Soup version 0.15.1 (webtiles) character file.

2340 zoltan2357 the Basher (level 9, -3/72 HPs)
             Began as a Minotaur Berserker on Sept 17, 2014.
             Was a High Priest of Trog.
             Slain by a wight
             ... wielding a +3 battleaxe of freezing
              (4 damage)
             ... on Level 6 of the Dungeon.
             The game lasted 00:34:25 (6341 turns).

zoltan2357 the Basher (Minotaur Berserker)          Turns: 6341, Time: 00:34:26

HP  -3/72        AC 12     Str 23      XL: 9   Next: 20%
MP   7/7         EV  7     Int  4      God: Trog [*****.]
Gold 289         SH  0     Dex 12      Spells:  0 memorised,  8 levels left

rFire  . . .     SeeInvis +     a - +3 morningstar
rCold  . . .     Clarity  .     v - +0 chain mail (curse)
rNeg   + . .     rCorr    .     (no shield)
rPois  +         rRot     .     (helmet restricted)
rElec  .         Spirit   .     C - +0 cloak
SustAb .         Warding  +     z - +0 pair of gloves
rMut   .         Rnd*Tele +     (no boots)
Gourm  .                        x - amulet of warding
MR     .....                    u - ring of stealth
                                r - ring of see invisible

@: drained, not resistant to hostile enchantments, extremely unstealthy
A: retaliatory headbutt, horns 2, frail 1, sense surroundings 1, poison
resistance, teleportitis 1
a: Burn Spellbooks, Berserk, Trog's Hand, Brothers in Arms, Renounce Religion


You were on level 6 of the Dungeon.
You worshipped Trog.
Trog was extremely pleased with you.
You were not hungry.

You visited 1 branch of the dungeon, and saw 6 of its levels.

You collected 289 gold pieces.

Inventory:

Hand weapons
 a - a +3 morningstar (weapon)
 b - a +0 shortbow
 L - a +0 mace
 M - a +0 flail
Missiles
 i - 186 stones (quivered)
 D - 41 arrows
Armour
 v - a cursed +0 chain mail (worn)
 z - a +0 pair of gloves (worn)
 C - a +0 cloak (worn)
Magical devices
 d - a wand of flame (16)
 w - a wand of digging (8)
 G - a wand of flame (10)
Comestibles
 c - 5 bread rations
 t - 2 meat rations
Scrolls
 g - 2 scrolls of teleportation {unknown}
 h - 5 scrolls of remove curse
 k - 2 scrolls of noise {unknown}
 n - 4 scrolls of enchant weapon {unknown}
 o - 4 scrolls of identify
 p - 2 scrolls of amnesia {unknown}
 q - a scroll of fear {unknown}
 s - 3 scrolls of magic mapping
 y - 2 scrolls of recharging {unknown}
 A - a scroll of enchant armour {unknown}
 B - 4 scrolls of immolation {unknown}
 H - a scroll of random uselessness {unknown}
Jewellery
 f - an uncursed amulet of stasis
 j - an uncursed amulet of faith
 l - an uncursed ring of poison resistance
 m - an uncursed amulet of guardian spirit
 r - a ring of see invisible (left hand)
 u - a ring of stealth (right hand)
 x - an amulet of warding (around neck)
Potions
 e - 7 potions of curing
 E - a potion of porridge
 F - a potion of berserk rage
 I - 2 potions of agility
 J - a potion of restore abilities
 K - a potion of flight {unknown}


   Skills:
 * Level 8.2(7.9) Fighting
 * Level 8.7(8.4) Maces & Flails
   Level 2.9(2.7) Slings
 + Level 2.9(2.6) Bows
 + Level 5.9(5.7) Armour
 + Level 6.0(5.7) Dodging
 - Level 2.0(1.7) Evocations


You had 8 spell levels left.
You didn't know any spells.

Dungeon Overview and Level Annotations

Branches:
Dungeon (6/15)             Temple (0/1) D:6

Altars:
Ashenzari
Fedhas
Kikubaaqudgha
Vehumet
Xom


Innate Abilities, Weirdness & Mutations

You reflexively headbutt those who attack you in melee.
You have a pair of horns on your head.
You are frail (-10% HP).
You passively map a small area around you.
Your system is resistant to poisons.
Space occasionally distorts in your vicinity.


Message History

* * * LOW HITPOINT WARNING * * *
The wight freezes you.
* * * LOW HITPOINT WARNING * * *
You closely miss the wight.
The wight is almost destroyed.
You hit the wight but do no damage. You headbutt the wight.
The wight is almost destroyed.
The wight barely misses you.
The wight hits you with a battleaxe of freezing.
* * * LOW HITPOINT WARNING * * *
The wight freezes you.
* * * LOW HITPOINT WARNING * * *
You hit the wight but do no damage.
The wight is almost destroyed.
The wight hits you from afar with a halberd of freezing.
* * * LOW HITPOINT WARNING * * *
The wight freezes you.
* * * LOW HITPOINT WARNING * * *
The wight hits you with a battleaxe of freezing.
You die...

, #...# , # ##...# ,
###. #....# #....
##..(.# , .....#*
##..(..## ,
......#####.......#
..................# *
..#
#....[.....%z####...*
.#
#.......%..@)z......
* #*
##..........⌠....##.
# #..#...........## *
#...#....⌠.>.⌠.#*
#..............# ,
##..........⌠..## * #
##......#........ *
## ##......###.......
.###.......# ##...


You could see 2 wights.

Vanquished Creatures
  The ghost of nicksoapdish the Fey Formicid, an average FoDK of Yredelemnul (D:3)
  A hippogriff (D:6)
  An orc warrior (D:6)
  2 ice beasts
  An ogre (D:4)
  2 centaurs (D:5)
  3 giant frogs (D:6)
  4 scorpions
  7 wights (D:6)
  A goliath beetle (D:6)
  A giant frog zombie (D:5)
  2 crimson imps (D:5)
  2 worker ants (D:5)
  Crazy Yiuf (D:4)
  A centaur skeleton (D:5)
  2 orc priests
  3 hounds
  2 iguanas (D:5)
  5 orc wizards
  An ogre skeleton (D:5)
  8 adders
  An orc skeleton (D:5)
  A giant mite (D:5)
  8 gnolls
  3 worms
  An inept item mimic (D:2)
  An iguana skeleton (D:5)
  6 giant geckos
  3 oozes
  15 orcs
  A bat skeleton (D:4)
  10 hobgoblins
  11 jackals
  2 quokkas (D:5)
  8 bats
  5 giant cockroaches
  3 giant newts (D:5)
  13 goblins
  15 kobolds
  7 rats
165 creatures vanquished.

Notes
Turn   | Place    | Note
--------------------------------------------------------------
     0 | D:1      | zoltan2357, the Minotaur Berserker, began the quest for the Orb.
     0 | D:1      | Reached XP level 1. HP: 19/19 MP: 1/1
    78 | D:1      | Gained mutation: You are frail (-10% HP). [mutagenic glow]
   259 | D:1      | Reached XP level 2. HP: 24/24 MP: 1/1
   468 | D:1      | Reached skill level 4 in Maces & Flails
   953 | D:2      | Reached XP level 3. HP: 29/29 MP: 2/2
  1605 | D:2      | Reached XP level 4. HP: 36/36 MP: 2/2
  1641 | D:2      | Reached skill level 1 in Slings
  1946 | D:3      | Acquired Trog's second power
  2418 | D:3      | Found a shimmering altar of Xom.
  2485 | D:3      | Reached XP level 5. HP: 42/42 MP: 2/2
  2503 | D:3      | Noticed nicksoapdish's ghost (average FoDK)
  2511 | D:3      | Killed nicksoapdish's ghost
  2511 | D:3      | Reached skill level 5 in Fighting
  2511 | D:3      | Reached skill level 5 in Maces & Flails
  2627 | D:4      | Reached skill level 1 in Evocations
  2627 | D:4      | Reached XP level 6. HP: 29/50 MP: 4/4
  2908 | D:4      | Noticed an ogre
  2915 | D:4      | Killed an ogre
  3265 | D:4      | Gained mutation: You passively map a small area around you. [potion of mutation]
  3265 | D:4      | Gained mutation: Your system is resistant to poisons. [potion of mutation]
  3265 | D:4      | Gained mutation: Space occasionally distorts in your vicinity. [potion of mutation]
  3328 | D:4      | Reached XP level 7. HP: 55/55 MP: 4/4
  3352 | D:4      | Reached skill level 6 in Maces & Flails
  3534 | D:4      | Noticed Crazy Yiuf
  3547 | D:4      | Killed Crazy Yiuf
  3806 | D:5      | Entered Level 5 of the Dungeon
  3951 | D:5      | Acquired Trog's third power
  4075 | D:5      | Reached skill level 7 in Maces & Flails
  4075 | D:5      | Reached XP level 8. HP: 40/63 MP: 5/5
  4383 | D:5      | Reached skill level 5 in Dodging
  4450 | D:5      | Found a blossoming altar of Fedhas.
  4634 | D:5      | Found a shattered altar of Ashenzari.
  4786 | D:5      | Found a radiant altar of Vehumet.
  5150 | D:5      | Reached skill level 5 in Armour
  5382 | D:6      | Reached skill level 1 in Bows
  5572 | D:6      | Reached skill level 8 in Maces & Flails
  5875 | D:6      | Reached XP level 9. HP: 63/72 MP: 7/7
  6086 | D:6      | Found an ancient bone altar of Kikubaaqudgha.
  6303 | D:6      | Found a staircase to the Ecumenical Temple.
  6340 | D:6      | HP: 3/72 [wight/battleaxe of freezing (1)]
  6341 | D:6      | HP: 1/72 [wight/halberd of freezing (1)]
  6341 | D:6      | Slain by a wight

Action                   |  1- 3 |  4- 6 |  7- 9 || total
-------------------------+-------+-------+-------++-------
Melee: Mace              |    46 |    96 |   281 ||   423
       Morningstar       |       |       |    23 ||    23
       Flail             |       |       |     1 ||     1
 Fire: Hunting sling     |    20 |    44 |     4 ||    68
       Shortbow          |       |       |    49 ||    49
Invok: Berserk           |     1 |     1 |     2 ||     4
       Trog's Hand       |       |     2 |     1 ||     3
       Burn Spellbooks   |       |     2 |       ||     2
  Use: Potion            |     5 |     6 |     2 ||    13
       Scroll            |     1 |     1 |     3 ||     5
  Eat: Chunk             |     2 |     1 |     3 ||     6
       Beef jerky        |     1 |     1 |       ||     2
       Fruit             |       |     5 |       ||     5
       Meat ration       |       |       |     2 ||     2
